 Dungeon Crawl Stone Soup version 0.17-a0-1979-g1c74939 (webtiles) character file.

175 achirane the Ruffian (level 5, -3/46 HPs)
             Began as a Troll Transmuter on Oct 5, 2015.
             Slain by an orc
             ... wielding a +0 flail
              (4 damage)
             ... on level 3 of the Dungeon.
             The game lasted 00:08:29 (1597 turns).

achirane the Ruffian (Troll Transmuter)             Turns: 1597, Time: 00:08:29

Health: -3/46      AC:  5    Str: 19    XL:     5   Next: 29%
Magic:  14/14      EV:  9    Int:  9    God:
Gold:   153        SH:  0    Dex: 10    Spells: 1 memorised, 5 levels left

rFire  . . .     SeeInvis .       - Unarmed
rCold  . . .     Clarity  .     b - +0 robe
rNeg   . . .     SustAt   .     (no shield)
rPois  .         Gourm    +     (helmet restricted)
rElec  .         Spirit   .     (no cloak)
rCorr  .         Warding  .     (gloves unavailable)
rMut   .         Stasis   .     (boots unavailable)
MR     .....                    (no amulet)
Stlth  +.........               (no ring)
                                m - ring of magical power {MP+9}

@: not resistant to hostile enchantments, very unstealthy
A: unfitting armour, claws 3, fast metabolism 3, gourmand, regeneration 2,
shaggy fur 1, tough skin 2
a: no special abilities


You were on level 3 of the Dungeon.
You were not hungry.

You visited 1 branch of the dungeon, and saw 3 of its levels.

You collected 153 gold pieces.

Inventory:

Missiles
 a - 12 arrows
 p - 18 poisoned needles
 t - 44 sling bullets
 w - 3 tomahawks (quivered)
Armour
 b - a +0 robe (worn)
Jewellery
 m - a ring of magical power (left claw) {MP+9}
   (You found it on level 1 of the Dungeon)
 A - an uncursed amulet of guardian spirit {unknown}
   (You found it on level 3 of the Dungeon)
Wands
 y - a wand of magic darts (14)
   (You found it on level 2 of the Dungeon)
Scrolls
 e - a scroll of fear {unknown}
 i - a scroll of enchant weapon {unknown}
 l - 2 scrolls of remove curse
 r - a scroll of enchant armour {unknown}
 s - a scroll of noise {unknown}
 v - 2 scrolls of teleportation
Potions
 g - a potion of berserk rage {unknown}
 h - a potion of heal wounds
 j - a potion of haste
 k - 2 potions of brilliance
 o - a potion of resistance
 q - a potion of flight
 u - a potion of poison {unknown}
 z - a potion of agility {unknown}
Books
 c - a book of Changes
Comestibles
 d - 3 bread rations {@e1}
 f - 5 fruits
 n - 2 meat rations {@e2}
 x - a beef jerky


   Skills:
 - Level 0.7 Fighting
 - Level 1.5 Dodging
 + Level 4.7 Unarmed Combat
 - Level 1.2 Spellcasting
 + Level 3.1 Transmutations


You had 5 spell levels left.
You knew the following spells:

 Your Spells              Type           Power        Failure   Level  Hunger
a - Beastly Appendage     Trmt           #.....       12%         1    ##.....


Dungeon Overview and Level Annotations

Branches:
Dungeon (3/15)

Altars:
The Shining One


Innate Abilities, Weirdness & Mutations

You are too large for most types of armour.
You have claws for hands.
Your metabolism is lightning-fast.
You like to eat raw meat.
You heal very quickly.
You are covered in fur (AC +1).
You have very tough skin (AC +2).


Message History

Health restored: 46 You see here a hand axe.
An adder comes into view.
You see here a meat ration {@e2}.
You closely miss the adder. The adder barely misses you.
You scratch the adder.
The adder is lightly wounded.
The adder bites you but does no damage.
You closely miss the adder.
The adder is lightly wounded.
The adder bites you.
You take 1 damage, and have 45/46 hp.
You scratch the adder.
The adder is severely wounded.
The adder bites you. The adder completely misses you.
You take 3 damage, and have 42/46 hp.
You miss the adder.
The adder is severely wounded.
The adder closely misses you.
You closely miss the adder.
The adder is severely wounded.
The adder bites you but does no damage.
You claw the adder!
You kill the adder!
n - 2 meat rations {@e2} (gained 1)
A giant newt comes into view.
Health restored: 46 You barely miss the giant newt.
The giant newt bites you.
You take 2 damage, and have 44/46 hp.
You claw the giant newt!
You kill the giant newt!
Health restored: 46 You now have 153 gold pieces (gained 11).
An orc comes into view. It is wielding a club.
The orc shouts!
An orc comes into view. It is wielding a flail.
An orc and an orc wizard come into view.
The orc shouts!
The orc wizard shouts!
The orc shouts!
You barely miss the orc. The orc hits you with a club.
You take 2 damage, and have 44/46 hp.
You completely miss the orc. You scratch the orc but do no damage.
The orc hits you but does no damage.
You claw the orc!
You kill the orc!
An orc comes into view.
Health restored: 46 You claw the orc!
You kill the orc!
The orc wizard hits you but does no damage.
You see here a mace.
You closely miss the orc wizard.
The orc shouts!
The orc wizard hits you but does no damage.
You closely miss the orc wizard. The orc hits you with a flail!
The orc wizard closely misses you.
You take 10 damage, and have 36/46 hp.
MASSIVE DAMAGE!!
You closely miss the orc wizard. The orc hits you with a flail!
The orc wizard hits you but does no damage.
You take 9 damage, and have 27/46 hp.
You scratch the orc wizard but do no damage.
The orc closely misses you. The orc wizard barely misses you.
The orc wizard barely misses you.
You see here a mace.
You closely miss the orc wizard.
The orc wizard hits you but does no damage.
You claw the orc wizard!
The orc wizard is moderately wounded.
The orc barely misses you.
You barely miss the orc wizard.
The orc wizard is moderately wounded.
The orc wizard casts a cantrip, but nothing happens.
The orc hits you with a flail.
You take 2 damage, and have 27/46 hp.
You barely miss the orc wizard.
The orc wizard is moderately wounded.
The orc wizard hits you with a dagger. The orc hits you with a flail.
You take 8 damage, and have 19/46 hp.
You scratch the orc wizard.
The orc wizard is severely wounded.
The orc wizard completely misses you.
You closely miss the orc wizard.
The orc wizard is severely wounded.
The orc hits you but does no damage. The orc wizard casts a spell at you.
The puff of frost hits you!
* * * LOW HITPOINT WARNING * * *
You take 9 damage, and have 11/46 hp.
You barely miss the orc wizard.
The orc wizard is severely wounded.
The orc wizard hits you with a dagger.
* * * LOW HITPOINT WARNING * * *
The orc hits you with a flail.
* * * LOW HITPOINT WARNING * * *
You take 7 damage, and have 4/46 hp.
You closely miss the orc wizard. You claw the orc wizard.
The orc wizard is almost dead.
The orc wizard hits you with a dagger.
* * * LOW HITPOINT WARNING * * *
The orc hits you with a flail.
You die...

#....#.#..............o.###
#.........#.#.#.......o...#
#....#.#..................#
............##.. ........#
....<........... ........#
.....<..#.#####. #.......#
#....####.# #.###.......#
#.....>...# ###.ooo.......#
#...###### #...@####......
#...## #.##.# .#### ##...#
#.##.# ..
###.########.##.##.# #. #
#........[.......# .
####...........#......#
......#........########
........#......#
####..###......#


You could see an orc wizard and 2 orcs.

Vanquished Creatures
  A crimson imp (D:3)
  8 adders
  3 oozes
  A worm (D:2)
  2 orcs (D:3)
  5 ball pythons (D:2)
  5 bats
  7 giant cockroaches
  3 goblins
  5 hobgoblins
  2 quokkas
  2 giant geckos
  3 giant newts
  A kobold (D:1)
  16 rats
64 creatures vanquished.

Notes
Turn   | Place    | Note
--------------------------------------------------------------
     0 | D:1      | achirane the Troll Transmuter began the quest for the Orb.
     0 | D:1      | Reached XP level 1. HP: 18/18 MP: 1/1
   290 | D:1      | Reached XP level 2. HP: 24/26 MP: 2/2
   404 | D:1      | Reached skill level 2 in Transmutations
   652 | D:2      | Reached XP level 3. HP: 18/32 MP: 3/3
   710 | D:2      | Reached skill level 4 in Unarmed Combat
   734 | D:2      | Reached XP level 4. HP: 33/40 MP: 4/4
   796 | D:2      | Found a glowing golden altar of the Shining One.
  1162 | D:3      | Reached skill level 3 in Transmutations
  1162 | D:3      | Reached XP level 5. HP: 46/46 MP: 5/5
  1595 | D:3      | HP: 11/46 [orc wizard/puff of frost (9)]
  1596 | D:3      | HP: 4/46 [orc/flail (6)]
  1597 | D:3      | HP: 1/46 [orc wizard/dagger (3)]
  1597 | D:3      | Slain by an orc

Vault maps used:
D:1:      minmay_arrival_three_doors, minmay_rat_gold_closets
D:2:      lemuel_doored_altar, minmay_snake_closets
D:3:      minmay_misc_feat_four_crosses

Action                   |  1- 3 |  4- 6 || total
-------------------------+-------+-------++-------
Melee: Unarmed           |    68 |   100 ||   168
Throw: Tomahawk          |       |     3 ||     3
Evoke: Wand              |       |     4 ||     4
  Use: Scroll            |       |     7 ||     7
 Stab: Sleeping          |       |     2 ||     2
  Eat: Chunk             |     6 |     7 ||    13

Vault maps used:
D:1:      minmay_arrival_three_doors, minmay_rat_gold_closets
D:2:      lemuel_doored_altar, minmay_snake_closets
D:3:      minmay_misc_feat_four_crosses

Table legend:
 A = Turns spent in this place as a percentage of turns spent in the entire game.
 B = Non-inter-level travel turns spent in this place as a percentage of non-inter-level travel turns spent in the entire game.
 C = Inter-level travel turns spent in this place as a percentage of turns spent in this place.
 D = Turns resting spent in this place as a percentage of non-inter-level travel turns spent in this place.
 E = Turns spent auto-exploring this place as a percentage of non-inter-level travel turns spent in this place.
 F = Non-inter-level travel turns spent in this place divided by the number of levels of this place that you've seen.
                   A       B       C       D       E      F
               +-------+-------+-------+-------+-------+----------------------
         Total | 100.0 | 100.0 |   0.4 |   0.0 |   7.1 | 241.0
       Dungeon | 100.0 | 100.0 |   0.4 |   0.0 |   7.1 | 241.0
               +-------+-------+-------+-------+-------+----------------------

Table legend:
 A = Kills in this place as a percentage of kills in entire the game.
 B = Kills by you in this place as a percentage of kills by you in the entire game.
 C = Kills by friends in this place as a percentage of kills by friends in the entire game.
 D = Other kills in this place as a percentage of other kills in the entire game.
 E = Experience gained in this place as a percentage of experience gained in the entire game.
 F = Experience gained in this place divided by the number of levels of this place that you have seen.
                   A       B       C       D       E      F
               +-------+-------+-------+-------+-------+----------------------
         Total | 100.0 | 100.0 |  -nan |  -nan | 100.0 |  83.3
       Dungeon | 100.0 | 100.0 |  -nan |  -nan | 100.0 |  83.3
               +-------+-------+-------+-------+-------+----------------------
